 Dungeon Crawl Stone Soup version 0.27-a0-869-g165b36e3f0 (webtiles) character file.

Game seed: 8749529156471010653

4 leviel the Grave Robber (level 1, 0/14 HPs)
             Began as a Hill Orc Necromancer on Apr 3, 2021.
             Slain by a ball python (1 damage)
             ... on level 1 of the Dungeon.
             The game lasted 00:00:45 (347 turns).

leviel the Grave Robber (Hill Orc Necromancer)       Turns: 347, Time: 00:00:46

Health: 0/14       AC:  2    Str: 10    XL:     1   Next: 70%
Magic:  0/3        EV:  9    Int: 15    God:
Gold:   16         SH:  0    Dex: 11    Spells: 2/3 levels left

rFire    . . .     SeeInvis .   (no weapon)
rCold    . . .     Faith    .   (no shield)
rNeg     . . .     Spirit   .   a - +0 robe
rPois    .         Reflect  .   (no helmet)
rElec    .         Harm     .   (no cloak)
rCorr    .         Rampage  .   (no gloves)
Will     .....                  (no boots)
Stlth    ++........             (no amulet)
HPRegen  0.04/turn              (no ring)
MPRegen  0.08/turn              (no ring)

@: constricted
A: no striking features
a: no special abilities


You were on level 1 of the Dungeon.
You visited 1 branch of the dungeon, and saw 1 of its levels.

You collected 16 gold pieces.

Inventory:

Armour
 a - a +0 robe (worn)
Jewellery
 c - a +4 ring of evasion
Scrolls
 b - a scroll of identify {unknown}


   Skills:
 + Level 1.5 Dodging
 + Level 1.5 Stealth
 * Level 1.7 Spellcasting
 + Level 4.1 Necromancy


You had 2 spell levels left.
You knew the following spells:

 Your Spells              Type           Power      Damage    Failure   Level
a - Pain                  Necr           52%        1d6       4%          1

Your spell library contained the following spells:

 Spells                   Type           Power      Damage    Failure   Level
 Animate Skeleton         Necr           26%        N/A       4%          1
 Vampiric Draining        Necr           6%         2d6       12%         3
 Animate Dead             Necr           6%         N/A       38%         4
 Agony                    Necr           13%        N/A       75%         5


Dungeon Overview and Level Annotations

Branches:
Dungeon (1/15)

Altars:


Message History

The giant cockroach writhes in agony.
The bat hits you but does no damage. The bat misses you.
There is a stone staircase leading down here.
The bat barely misses you.
The giant cockroach bites you but does no damage.
The bat misses you. The bat closely misses you. The bat hits you.
The bat closely misses you. The bat hits you.
The giant cockroach bites you but does no damage.
The bat closely misses you.
The giant cockroach bites you but does no damage.
The giant cockroach writhes in agony.
You kill the giant cockroach!
The ball python bites you. The ball python closely misses you.
The ball python bites you. The ball python barely misses you.
You are too injured to fight recklessly!
You are too injured to fight recklessly!
You hit the ball python but do no damage.
The ball python barely misses you. The ball python misses you.
You hit the ball python but do no damage.
The ball python closely misses you. The ball python grabs you.
The ball python constricts you.
You hit the ball python but do no damage.
The ball python bites you.
* * * LOW HITPOINT WARNING * * *
The ball python constricts you.
You closely miss the ball python. The ball python barely misses you.
The ball python constricts you. The ball python barely misses you.
* * * LOW HITPOINT WARNING * * *
The ball python constricts you.
You are too injured to fight recklessly!
You are too injured to fight recklessly!
Casting: Pain (safe; 4% risk of failure)
Confirm with . or Enter, or press ? or * to list all spells.
Aiming: Pain (safe; 4% risk of failure)
Press: ? - help, Shift-Dir - straight line, f - ball python
Aim: a ball python (constricting you, chance to affect: 83%)
The ball python writhes in agony.
The ball python barely misses you.
You die...

### #.# ##.# ...# ##.#
##.# ...#
...###################
........†.....bS@....#
...################.##
....# ####.# ....####
#....# [......# #.####
....##.# #.# ....##>#
#.# #...##.# #.#
#...##.###### #.#


You could see a bat and a ball python.

Vanquished Creatures
  A giant cockroach (D:1)
  A hobgoblin (D:1)
  A quokka (D:1)
  A ball python (D:1)
4 creatures vanquished.

Notes
Turn   | Place    | Note
-------+----------+-------------------------------------------
     0 | D:1      | leviel the Hill Orc Necromancer began the quest for the
                  | Orb.
     0 | D:1      | Reached XP level 1. HP: 14/14 MP: 3/3
   347 | D:1      | Slain by a ball python

Illustrated notes

Levels and vault maps discovered:
D:1:      dpeg_arrival_three_same_balls, layout_basic,
          chequers_ecumenical_altar_simple

Action                   || total
-------------------------++-------
Melee: Unarmed           ||     5
 Cast: Pain              ||    11
Armor: Robe              ||     7
Dodge: Dodged            ||    23

Table legend: (Time is in decaauts)
 A = Elapsed time spent in this place.
 B = Non-inter-level travel time spent in this place.
 C = Inter-level travel time spent in this place.
 D = Time resting spent in this place.
 E = Time spent auto-exploring this place.
 F = Levels seen in this place.
 G = Mean time per level.
                   A        B        C        D        E       F      G
               +--------+--------+--------+--------+--------+-----+--------+
         Total |    347 |    347 |      0 |      0 |    287 |   1 |  347.0 |
       Dungeon |    347 |    347 |      0 |      0 |    287 |   1 |  347.0 |
               +--------+--------+--------+--------+--------+-----+--------+

Top non-repeatable levels by time:
     D:1: 347 daAuts
